 Dungeon Crawl Stone Soup version 0.30-a0-6-g7c9e10e132 (webtiles) character file.

Game seed: 18361404308212099599

61 Setbun the Magician (level 4, 0/31 HPs)
             Began as a Djinni Ice Elementalist on Aug 22, 2022.
             Slain by an orc priest
             ... wielding a +0 morningstar
              (2 damage)
             ... on level 3 of the Dungeon.
             The game lasted 00:02:08 (1984 turns).

Setbun the Magician (Djinni Ice Elementalist)       Turns: 1984, Time: 00:02:08

Health: 0/31       AC:  4    Str:  7    XL:     4   Next: 27%
Gold:   81         EV: 12    Int: 19    God:
                   SH:  0    Dex: 13

rFire   + + .      SeeInvis +    (no weapon)
rCold   x . .      Faith    .    (no shield)
rNeg    . . .      Spirit   .    a - +0 robe
rPois   ∞          Reflect  .    (no helmet)
rElec   .          Harm     .    l - +0 cloak
rCorr   .          Rampage  .    d - +0 pair of gloves
Will    .....                    (boots unavailable)
Stlth   ++........               (no amulet)
HPRegen 0.10/turn                m - ring of see invisible
MPRegen 0.00/turn                (no ring)

@: flying
A: sickness immunity, fire resistance 2, cold vulnerability 1, float, innate
caster, HP casting, extra vitality 1
a: no special abilities


You were on level 3 of the Dungeon.
You visited 1 branch of the dungeon, and saw 3 of its levels.

You collected 81 gold pieces.

Inventory:

Armour
 a - a +0 robe (worn)
 d - a +0 pair of gloves (worn)
 l - a +0 cloak (worn)
Jewellery
 m - a ring of see invisible (left hand)
Scrolls
 b - a scroll of enchant weapon {unknown}
 c - a scroll of acquirement {unknown}
 g - a scroll of teleportation {unknown}
 i - a scroll of identify {unknown}
 j - a scroll of silence {unknown}
Potions
 e - 2 potions of flight {unknown}
 f - 2 potions of magic {unknown}
 h - a potion of mutation {unknown}
 k - a potion of cancellation {unknown}
 n - a potion of curing {unknown}
 o - a potion of heal wounds {unknown}


   Skills:
 - Level 2.1 Dodging
 - Level 1.5 Stealth
 * Level 4.4 Spellcasting


You couldn't memorise any spells.
You knew the following spells:

 Your Spells              Type           Power      Damage    Failure   Level
a - Freeze                Ice            80%        1d9       2%          1
b - Frozen Ramparts       Ice            40%        1d7       6%          3
c - Ozocubu's Armour      Ice            20%        N/A       6%          3
d - Hailstorm             Conj/Ice       20%        3d6       22%         4
e - Sandblast             Erth           40%        2d10      2%          1
Your spell library was empty.

Dungeon Overview and Level Annotations

Branches:
Dungeon (3/15)

Altars:


Innate Abilities, Weirdness & Mutations

You are immune to sickness and miasma.
You are immune to poison.
Your flesh is very heat resistant. (rF++)
You are vulnerable to cold. (rC-)
You float through the air rather than walking.
You learn spells naturally, not from books.
Your magical power is your life essence.
You have superior vitality. (+4 MHP)


Message History

You freeze the endoplasm.
You kill the endoplasm!
You can't see any susceptible monsters within range! (Use Z to cast anyway.)
An orc priest comes into view. It is wielding a +0 morningstar.
An orc priest is nearby!
An orc priest is nearby!
You freeze the orc priest.
The orc priest is moderately wounded.
The orc priest barely misses you.
You freeze the orc priest.
The orc priest is heavily wounded.
The orc priest looks satisfied for a moment.
You freeze the orc priest.
The orc priest is severely wounded.
The orc priest calls down the wrath of Beogh upon you.
Beogh smites you!
Ouch! That really hurt!
* * * LOW HITPOINT WARNING * * *
You are too injured to fight recklessly!
You are too injured to fight recklessly!
You don't have enough health to cast this spell.
Unknown command.
You don't have enough health to cast this spell.
Unknown command.
You hit the orc priest but do no damage.
The orc priest is severely wounded.
The orc priest misses you.
You hit the orc priest.
The orc priest is severely wounded.
The orc priest closely misses you.
You hit the orc priest but do no damage.
The orc priest is severely wounded.
The orc priest closely misses you.
You hit the orc priest.
The orc priest is almost dead.
The orc priest completely misses you.
You closely miss the orc priest.
The orc priest is almost dead.
The orc priest hits you with a +0 morningstar.
You die...

### .. #.
#.######..
.#####.o#.....#
.......@..#
##.......##
...####.<# .
#.)....#
#..>......
#..#......
#.........
..........
.#........


You could see an orc priest.

Vanquished Creatures
  An orc priest (D:2)
  A dart slug (D:1)
  2 orcs
  3 bats (D:1)
  5 endoplasms
  2 goblins (D:1)
  A quokka (D:2)
  A ball python (D:1)
  11 frilled lizards
  3 rats (D:2)
30 creatures vanquished.

Vanquished Creatures (others)
  7 plants (D:2)
7 creatures vanquished.

Grand Total: 37 creatures vanquished

Notes
Turn   | Place    | Note
-------+----------+-------------------------------------------
     0 | D:1      | Setbun the Djinni Ice Elementalist began the quest for the
                  | Orb.
     0 | D:1      | Setbun set off with the following spells memorised: Freeze,
                  | Frozen Ramparts, Ozocubu's Armour, Hailstorm.
     0 | D:1      | Reached XP level 1. HP: 15/15 MP: 0/0
   256 | D:1      | Reached XP level 2. HP: 16/21 MP: 0/0
  1279 | D:2      | Reached XP level 3. HP: 13/25 MP: 0/0
  1279 | D:2      | Learned a level 1 spell: Sandblast
  1762 | D:2      | Reached skill level 4 in Spellcasting
  1762 | D:2      | Reached XP level 4. HP: 16/31 MP: 0/0
  1979 | D:3      | HP: 1/31 [orc priest/divine providence (17)]
  1984 | D:3      | Slain by an orc priest

Illustrated notes

Levels and vault maps discovered:
D:1:      lightli_arrival_windingriver, layout_basic,
          chequers_serial_rivers_micro_d
D:2:      layout_basic, ebering_ecumenical_altar_abandoned, minmay_lizard_king
D:3:      layout_rooms, serial_shops, shop, st_stairs_8

Skill      XL: |  1  2  3 |
---------------+----------+-----
Spellcasting   | 4 |  4.4
Dodging        | |  2.1
Stealth        | |  1.5

Action                   |  1- 3 |  4- 6 || total
-------------------------+-------+-------++-------
Melee: Unarmed           |     7 |     5 ||    12
 Cast: Freeze            |    39 |     9 ||    48
Armor: Robe              |    12 |     1 ||    13
Dodge: Dodged            |    17 |    10 ||    27

Table legend: (Time is in decaauts)
 A = Elapsed time spent in this place.
 B = Non-inter-level travel time spent in this place.
 C = Inter-level travel time spent in this place.
 D = Time resting spent in this place.
 E = Time spent auto-exploring this place.
 F = Levels seen in this place.
 G = Mean time per level.
                   A        B        C        D        E       F      G
               +--------+--------+--------+--------+--------+-----+--------+
         Total |   1985 |   1891 |     94 |    373 |   1339 |   3 |  661.7 |
       Dungeon |   1985 |   1891 |     94 |    373 |   1339 |   3 |  661.7 |
               +--------+--------+--------+--------+--------+-----+--------+

Top non-repeatable levels by time:
     D:1: 1221 daAuts
     D:2: 738 daAuts
     D:3: 25 daAuts
